 Dungeon Crawl Stone Soup version 0.23.0 (webtiles) character file.

Game seed: 9137203130583733071

13664 McKennaii the Blocker (level 12, -10/76 HPs)
             Began as a Gargoyle Fighter on Feb 18, 2019.
             Was a Priest of Cheibriados.
             Mangled by a skeletal warrior
             ... wielding a +0 glaive
             ... led by a death knight
              (15 damage)
             ... on level 11 of the Dungeon.
             The game lasted 00:36:06 (12883 turns).

McKennaii the Blocker (Gargoyle Fighter)           Turns: 12883, Time: 00:36:08

Health: -10/76     AC: 23    Str: 34 (36) XL:     12   Next: 8%
Magic:  13/13      EV: 10    Int: 19 (20) God:    Cheibriados [***...]
Gold:   845        SH: 14    Dex: 13 (15) Spells: 11/11 levels left

rFire    + + +     SeeInvis .   b - +3 flail (drain)
rCold    + + .     Gourm    .   c - +0 shield
rNeg     + + .     Faith    .   J - +2 chain mail {rPois} rPois โˆž Spirit .
                                L - +0 helmet (curse)
rElec    +         Reflect  .   n - scarf {rC+ rF+}
rCorr    +         Harm     .   (no gloves)
MR       .....                  (no boots)
Stlth    ..........             (no amulet)
HPRegen  0.22/turn              u - ring of protection from fire
MPRegen  0.13/turn              i - ring of positive energy

@: mighty, brilliant, resistant, very slightly contaminated, very slow
A: negative energy resistance 1, electricity resistance, unbreathing,
petrification resistance, rot immunity, AC +8
a: Bend Time, Temporal Distortion, Renounce Religion


You were on level 11 of the Dungeon.
You worshipped Cheibriados.
Cheibriados was most pleased with you.
You were near starving.

You visited 2 branches of the dungeon, and saw 12 of its levels.

You collected 845 gold pieces.

Inventory:

Hand Weapons
 b - a +3 flail of draining (weapon)
Armour
 c - a +0 shield (worn)
 n - a scarf of resistance (worn)
 J - a +2 chain mail of poison resistance (worn)
 L - a cursed +0 helmet (worn)
Jewellery
 e - an uncursed ring of wizardry
 i - a ring of positive energy (right hand)
 r - an uncursed ring of flight
 u - a ring of protection from fire (left hand)
Wands
 q - a wand of enslavement (8)
 y - a wand of flame (3)
 B - a wand of polymorph (17)
 H - a wand of disintegration (6)
 I - a wand of iceblast (9)
Scrolls
 j - 3 scrolls of enchant armour
 k - 3 scrolls of magic mapping
 l - a scroll of noise
 o - 4 scrolls of immolation
 p - 14 scrolls of identify
 s - a scroll of amnesia
 w - a scroll of enchant weapon
 z - a scroll of fear {unknown}
 C - 2 scrolls of remove curse
 E - 2 scrolls of fog {unknown}
Potions
 a - 4 potions of curing
 m - 2 potions of cancellation
 t - 2 potions of invisibility
 v - a potion of brilliance
 A - a potion of ambrosia
 F - a potion of mutation {unknown}
 G - a potion of flight {unknown}
 K - a potion of agility {unknown}
Comestibles
 f - 21 rations


   Skills:
 + Level 9.2 Fighting
 + Level 11.0 Maces & Flails
 + Level 9.2 Armour
 + Level 3.8 Dodging
 + Level 1.4 Stealth
 + Level 11.4 Shields
 + Level 1.3 Evocations


You had 11 spell levels left.
You didn't know any spells.
Your spell library contained the following spells:

 Spells                   Type           Power        Failure   Level  Hunger
 Summon Small Mammal      Summ           ##..         13%         1    ##.....
 Call Imp                 Summ           ##......     17%         2    ###....
 Call Canine Familiar     Summ           ##......     32%         3    ####...
 Summon Guardian Golem    Hex/Summ       ##......     32%         3    ####...
 Summon Ice Beast         Ice/Summ       ##......     67%         4    #####..
 Summon Lightning Spire   Summ/Air       ##......     67%         4    #####..


Dungeon Overview and Level Annotations

Branches:
Dungeon (11/15)            Temple (1/1) D:6            Lair (0/6) D:10
    Orc (0/2) D:10

Altars:
Cheibriados
Fedhas
Gozag
Hepliaklqana
Kikubaaqudgha
Makhleb
Nemelex Xobeh
Okawaru
Qazlal
Ru
Vehumet
Wu Jian
Xom
Yredelemnul
Zin
The Shining One

Shops:
D:11 (

Annotations:
D:5 1 runed translucent door


Innate Abilities, Weirdness & Mutations

You are resistant to torment.
Your stone body is resilient. (AC +8)
You are immune to poison.
You resist negative energy. (rN+)
You are resistant to electric shocks. (rElec)
You can survive without breathing.
You are immune to petrification.
You are immune to rotting.


Message History

The death knight hits you with a +2 battleaxe of freezing!
* * * LOW HITPOINT WARNING * * *
The death knight freezes you.
* * * LOW HITPOINT WARNING * * *
It was a potion of resistance.
You feel protected.
You block the skeletal warrior's attack.
The death knight hits you with a +2 battleaxe of freezing.
* * * LOW HITPOINT WARNING * * *
Okay, then.
It was a potion of brilliance.
You feel clever all of a sudden.
You block the skeletal warrior's attack.
It was a potion of degeneration.
There was something very wrong with that liquid.
You feel weakened.
You feel dopey.
You feel clumsy.
The death knight hits you with a +2 battleaxe of freezing.
* * * LOW HITPOINT WARNING * * *
The skeletal warrior hits you from afar with a +0 glaive!
You die...

.## #...........# ##
#..........(# #
##..........# ###
##.........# ###..
###.......# ##....
###W#...# ##.....
##z#### ##...... #p##
#....<.. ##@##
#....... #..#
##...... ##.##
#...... #..####
##.#### ##.#<.#
###รท#( #..W.##
#.'...
##.....#####=#)โ‰ˆโ‰ˆ
#.........#..####
##......#.....## #


You could see a death knight, a skeletal warrior and a freezing wraith.

Vanquished Creatures
  A centaur warrior (D:9)
  A two-headed ogre (D:9)
  Pikel (D:4)
  Psyche (D:9)
  2 freezing wraiths (D:11)
  A merfolk (D:11)
  3 trolls
  4 hippogriffs
  Sigmund (D:2)
  10 yaks
  3 wyverns
  Grum (D:9)
  A soldier ant (D:5)
  A water moccasin (D:10)
  5 porcupines (D:10)
  2 black bears
  2 orc warriors
  4 sky beasts
  A slave (D:4)
  An ice beast (D:7)
  A phantom (D:5)
  9 centaurs
  3 wolves
  3 ogres
  2 crocodiles
  A big kobold (D:7)
  5 bullfrogs
  A water moccasin skeleton (D:5)
  16 killer bees
  4 scorpions
  4 wights (D:7)
  6 howler monkeys
  5 centaur zombies
  4 crimson imps
  2 bullfrog zombies
  7 hounds
  3 jellies
  2 centaur skeletons
  7 orc wizards
  3 orc priests
  A bullfrog skeleton (D:11)
  5 iguanas
  14 worker ants
  A killer bee zombie (D:6)
  2 hound zombies (D:10)
  A worker ant zombie (D:5)
  7 gnolls
  A howler monkey skeleton (D:7)
  6 adders
  2 shadow imps
  An ooze (D:3)
  An adder zombie (D:8)
  An adder skeleton (D:9)
  3 worms (D:4)
  3 dart slugs (D:1)
  4 leopard geckos
  39 orcs
  12 giant cockroaches
  10 goblins
  13 hobgoblins
  2 jackals (D:5)
  3 quokkas
  A ball python (D:2)
  2 bats
  A giant cockroach zombie (D:5)
  10 kobolds
  A leopard gecko skeleton (D:7)
  2 quokka skeletons
  7 rats
  2 butterflies (D:5)
292 creatures vanquished.

Vanquished Creatures (others)
  A slave (D:4)
  A hound (D:4)
  2 orc wizards (D:4)
  A worker ant (D:4)
  A leopard gecko (D:4)
  23 fungi (D:10)
29 creatures vanquished.

Grand Total: 321 creatures vanquished

Notes
Turn   | Place    | Note
-------+----------+-------------------------------------------
     0 | D:1      | McKennaii the Gargoyle Fighter began the quest for the Orb.
     0 | D:1      | Reached XP level 1. HP: 14/14 MP: 1/1
   191 | D:1      | Reached XP level 2. HP: 13/19 MP: 2/2
   653 | D:1      | Noticed an ogre
   653 | D:1      | Noticed an ogre
   655 | D:1      | Noticed an ogre
   656 | D:1      | Noticed an ogre
   876 | D:2      | Found a sacrificial altar of Ru.
   910 | D:2      | Reached XP level 3. HP: 23/23 MP: 3/3
  1020 | D:2      | Found an ancient bone altar of Kikubaaqudgha.
  1354 | D:2      | Noticed Sigmund
  1366 | D:2      | Reached XP level 4. HP: 27/28 MP: 4/4
  1386 | D:2      | Killed Sigmund
  1386 | D:2      | Reached skill level 1 in Dodging
  1386 | D:2      | Reached XP level 5. HP: 18/33 MP: 5/5
  1386 | D:2      | Reached XP level 6. HP: 21/38 MP: 6/6
  2037 | D:3      | Found a hazy altar of Hepliaklqana.
  2037 | D:3      | Found a sparkling altar of Nemelex Xobeh.
  2037 | D:3      | Found a basalt altar of Yredelemnul.
  2916 | D:4      | Noticed a slave
  2931 | D:4      | Killed a slave
  2937 | D:4      | Noticed Pikel
  2937 | D:4      | Noticed a slave
  2937 | D:4      | Noticed a slave
  2944 | D:4      | Noticed a slave
  2955 | D:4      | Reached skill level 5 in Shields
  2995 | D:4      | Killed Pikel
  2995 | D:4      | Reached skill level 5 in Maces & Flails
  2995 | D:4      | Reached skill level 5 in Armour
  2995 | D:4      | Reached XP level 7. HP: 3/44 MP: 7/7
  2995 | D:4      | Reached XP level 8. HP: 3/48 MP: 8/8
  3050 | D:4      | Reached skill level 5 in Fighting
  3224 | D:4      | HP: 2/50 [ogre/+0 giant club (13)]
  3727 | D:4      | Found a burning altar of Makhleb.
  4256 | D:5      | Entered Level 5 of the Dungeon
  4368 | D:5      | Found a runed translucent door.
  4369 | D:5      | Found a runed translucent door.
  4989 | D:5      | Reached XP level 9. HP: 55/56 MP: 9/9
  5058 | D:5      | Found a glowing silver altar of Zin.
  5283 | D:5      | Found a stormy altar of Qazlal.
  5758 | D:6      | Found an opulent altar of Gozag.
  6032 | D:6      | Found a staircase to the Ecumenical Temple.
  6690 | D:7      | Found an opulent altar of Gozag.
  6968 | D:7      | Reached XP level 10. HP: 30/63 MP: 10/10
  7594 | D:8      | Found a blossoming altar of Fedhas.
  7844 | D:8      | You fall through a shaft!
  8283 | D:9      | Noticed Grum
  8286 | D:9      | Noticed Psyche
  8534 | D:9      | Killed Grum
  8547 | D:9      | Paralysed by Psyche for 2 turns
  8554 | D:9      | Paralysed by Psyche for 7 turns
  8565 | D:9      | Killed Psyche
  8614 | D:9      | Noticed a two-headed ogre
  8759 | D:9      | Killed a two-headed ogre
  8939 | D:9      | Reached skill level 1 in Evocations
  9042 | D:9      | Noticed a centaur warrior
  9543 | D:9      | Killed a centaur warrior
  9543 | D:9      | Reached skill level 1 in Stealth
  9543 | D:9      | Reached XP level 11. HP: 66/68 MP: 11/11
  9767 | D:10     | Entered Level 10 of the Dungeon
  9860 | Temple   | Entered the Ecumenical Temple
  9882 | Temple   | Became a worshipper of Cheibriados the Contemplative
 10002 | D:10     | Reached skill level 10 in Shields
 10172 | D:10     | Reached * piety under Cheibriados
 10189 | D:10     | Reached skill level 10 in Maces & Flails
 10506 | D:10     | Found a staircase to the Orcish Mines.
 10635 | D:10     | Found a staircase to the Lair.
 10648 | D:10     | Reached ** piety under Cheibriados
 11312 | D:11     | Noticed a death knight
 11312 | D:11     | Noticed a skeletal warrior
 11728 | D:11     | Reached *** piety under Cheibriados
 12024 | D:11     | Reached XP level 12. HP: 64/76 MP: 12/12
 12697 | D:11     | Found Qotoefuys's Antique Weapon Emporium.
 12883 | D:11     | Mangled by a skeletal warrior

Skill      XL: |  1  2  3  4  5  6  7  8  9 10 11 12 |
---------------+-------------------------------------+-----
Shields        | 4 5 6 8 9 11 | 11.4
Maces & Flails | 4 5 6 8 9 10 11 | 11.0
Fighting       | 4 6 7 8 9 |  9.2
Dodging        | 1 2 3 |  3.8
Armour         | 5 6 8 9 |  9.2
Evocations     | 1 |  1.3
Stealth        | 1 |  1.4

Action                   |  1- 3 |  4- 6 |  7- 9 | 10-12 || total
-------------------------+-------+-------+-------+-------++-------
Melee: Flail             |   119 |   180 |   401 |   701 ||  1401
Invok: Temporal Distorti |       |       |       |     1 ||     1
Evoke: Wand              |       |     4 |     5 |     7 ||    16
  Use: Potion            |       |     1 |     4 |     6 ||    11
       Scroll            |       |       |     5 |     9 ||    14
 Stab: Distracted        |       |       |       |     1 ||     1
  Eat: Chunk             |     1 |     6 |     7 |    10 ||    24
       Ration            |       |       |     2 |     1 ||     3
Armor: Scale mail        |    47 |       |       |       ||    47
       Chain mail        |     8 |   100 |   278 |   347 ||   733
       Skin              |       |     7 |       |       ||     7
Dodge: Dodged            |    36 |    44 |   133 |   234 ||   447
Block: Shield            |    69 |    86 |   301 |   479 ||   935
